 Dungeon Crawl Stone Soup version 0.25-a0-265-g7af84ae0ac (webtiles) character file.

Game seed: 13399603700728982974, levelgen mode: deterministic

110 floatRand the Shield-Bearer (level 4, -10/35 HPs)
             Began as a Demonspawn Fighter on Dec 7, 2019.
             Splashed by Ijyb's acid (13 damage)
             ... on level 3 of the Dungeon.
             The game lasted 00:01:34 (2380 turns).

floatRand the Shield-Bearer (Demonspawn Fighter)    Turns: 2380, Time: 00:01:35

Health: -10/35     AC:  2    Str: 21    XL:     4   Next: 61%
Magic:  4/4        EV:  7    Int: 10    God:
Gold:   127        SH:  9    Dex: 13    Spells: 3/3 levels left

rFire    . . .     SeeInvis .   a - +0 trident
rCold    . . .     Gourm    .   c - +0 shield
rNeg     . . .     Faith    .   b - +0 scale mail
rPois    .         Spirit   .   (no helmet)
rElec    .         Reflect  .   (no cloak)
rCorr    .         Harm     .   (no gloves)
MR       .....                  (no boots)
Stlth    ..........             n - amulet of regeneration
HPRegen  0.51/turn              (no ring)
MPRegen  0.09/turn              (no ring)

@: mighty, corroded
A: hooves 2, powered by death 1
a: no special abilities


You were on level 3 of the Dungeon.
You were hungry.

You visited 1 branch of the dungeon, and saw 3 of its levels.

You collected 127 gold pieces.

Inventory:

Hand Weapons
 a - a +0 trident (weapon)
Missiles
 h - 54 bolts
Armour
 b - a +0 scale mail (worn)
 c - a +0 shield (worn)
Jewellery
 g - an uncursed ring of ice
 n - an amulet of regeneration (around neck)
 t - an uncursed amulet of magic regeneration {unknown}
 u - a +3 ring of intelligence {unknown}
Scrolls
 e - 3 scrolls of identify {unknown}
 i - 2 scrolls of amnesia {unknown}
 j - a scroll of enchant weapon {unknown}
 k - a scroll of remove curse {unknown}
 o - a scroll of immolation {unknown}
 r - a scroll of fear {unknown}
Potions
 l - 2 potions of heal wounds {unknown}
 m - 4 potions of haste {unknown}
 p - 3 potions of flight {unknown}
 q - 3 potions of curing {unknown}
 v - a potion of resistance {unknown}
Comestibles
 f - 8 rations


   Skills:
 - Level 3.0 Fighting
 + Level 3.3 Polearms
 - Level 2.6 Armour
 + Level 4.0 Shields


You had 3 spell levels left.
You didn't know any spells.
Your spell library was empty.

Dungeon Overview and Level Annotations

Branches:
Dungeon (3/15)

Altars:
Cheibriados
Xom

Annotations:
D:3 Ijyb


Innate Abilities, Weirdness & Mutations

You have hoof-like feet.
You regenerate a little health from kills.


Message History

You are too injured to fight recklessly!
Unknown command.
You hit Ijyb but do no damage. You kick Ijyb, but do no damage.
Ijyb is lightly wounded.
Ijyb screams, "It's all mine!"
You block Ijyb's attack.
Ijyb drinks a potion.
Ijyb seems to grow stronger.
You are too injured to fight recklessly!
You are too injured to fight recklessly!
You barely miss Ijyb. You kick Ijyb, but do no damage.
Ijyb is lightly wounded.
Ijyb barely misses you.
Unknown command.
Your shield and scale mail prevent you from hitting Ijyb.
Ijyb is lightly wounded.
Ijyb hits you but does no damage.
You feel very mighty all of a sudden.
Ijyb zaps a wand.
The bolt of acid hits you!
* * * LOW HITPOINT WARNING * * *
The acid corrodes you!
You are splashed with acid!
You die...

#####.#
......####### #.#
............# #.#
......#####.# #.#
............# #$#
......#####.# #.#
......# #.# #.#
......# #.# #g#
.####.## #.# #@#
...##..####.####.#
....#............#
....#.#####.######
_...........#
....#..######
....#.## ...##.#
.####.#


You could see Ijyb.

Vanquished Creatures
  Terence (D:3)
  Jessica (D:3)
  An adder (D:3)
  An adder skeleton (D:2)
  2 worms (D:2)
  2 leopard geckos (D:2)
  4 giant cockroaches
  3 goblins (D:2)
  6 hobgoblins
  3 jackals (D:3)
  2 kobolds
  A quokka (D:2)
  4 bats (D:1)
  A frilled lizard (D:1)
  4 rats
36 creatures vanquished.

Notes
Turn   | Place    | Note
-------+----------+-------------------------------------------
     0 | D:1      | floatRand the Demonspawn Fighter began the quest for the
                  | Orb.
     0 | D:1      | Reached XP level 1. HP: 18/18 MP: 1/1
   404 | D:1      | Reached skill level 3 in Shields
   404 | D:1      | Gained mutation: You have large cloven feet. [demonic
                  | ancestry]
   404 | D:1      | Reached XP level 2. HP: 24/24 MP: 2/2
  1236 | D:2      | Gained mutation: You regenerate a little health from kills.
                  | [demonic ancestry]
  1236 | D:2      | Reached XP level 3. HP: 29/29 MP: 3/3
  1696 | D:3      | Found a snail-covered altar of Cheibriados.
  1841 | D:3      | Noticed Jessica
  1852 | D:3      | Killed Jessica
  1852 | D:3      | Gained mutation: You have hoof-like feet. [demonic
                  | ancestry]
  1852 | D:3      | Reached XP level 4. HP: 34/35 MP: 4/4
  1863 | D:3      | Found a shimmering altar of Xom.
  2002 | D:3      | Noticed Terence
  2017 | D:3      | Killed Terence
  2017 | D:3      | Reached skill level 4 in Shields
  2370 | D:3      | Noticed Ijyb
  2380 | D:3      | Splashed by Ijyb's acid

Levels and vault maps discovered:
D:1:      dpeg_arrival_chambers_temple_mockup, layout_loops_ring
D:2:      layout_loops_corners, first_ration
D:3:      layout_basic, cheibriados_altar_1, old_standard_altar, uniq_jessica,
          uniq_terence, uniq_ijyb

Skill      XL: |  1  2  3  4 |
---------------+-------------+-----
Polearms       | 2 3 |  3.3
Shields        | 3 4 |  4.0
Fighting       | |  3.0
Armour         | |  2.6

Action                   |  1- 3 |  4- 6 || total
-------------------------+-------+-------++-------
Melee: Trident           |    98 |    25 ||   123
       Kick              |    23 |     8 ||    31
  Use: Potion            |       |     1 ||     1
  Eat: Chunk             |     3 |     1 ||     4
Armor: Scale mail        |    34 |     4 ||    38
Dodge: Dodged            |    27 |     7 ||    34
Block: Shield            |    47 |     7 ||    54

Table legend:
 A = Non-vault XP
 B = Vault XP
 C = Vault XP percentage of total XP
 D = Non-vault monster count
 E = Vault monster count
 F = Vault count percentage of total count
                 A         B        C        D         E       F
            +---------+---------+-------+---------+---------+-------
      Total |      83 |      75 |  47.5 |      34 |       2 |   5.6
            +---------+---------+-------+---------+---------+-------
        D:1 |      18 |       0 |   0.0 |      11 |       0 |   0.0
        D:2 |      36 |       0 |   0.0 |      14 |       0 |   0.0
        D:3 |      29 |      75 |  72.1 |       9 |       2 |  18.2
            +---------+---------+-------+---------+---------+-------
